 Dungeon Crawl Stone Soup version 0.22-a0-252-gcace5d2 (webtiles) character file.

20 KristoblXynda the Caller (level 2, -1/20 HPs)
             Began as a Draconian Summoner on Mar 1, 2018.
             Slain by a sky beast (6 damage)
             ... on level 2 of the Dungeon.
             The game lasted 00:02:48 (1048 turns).

KristoblXynda the Caller (Draconian Summoner)       Turns: 1048, Time: 00:02:48

Health: -1/20      AC:  4    Str: 10    XL:     2   Next: 58%
Magic:  5/5        EV: 12    Int: 15    God:
Gold:   108        SH:  0    Dex: 11    Spells: 2/5 levels left

rFire    . . .     SeeInvis .   i - +2 whip (drain)
rCold    . . .     Gourm    .   (no shield)
rNeg     . . .     Faith    .   (armour unavailable)
rPois    .         Spirit   .   (helmet restricted)
rElec    .         Reflect  .   (no cloak)
rCorr    .         Harm     .   (no gloves)
MR       .....                  (no boots)
Stlth    ++........             (no amulet)
HPRegen  0.06/turn              (no ring)
MPRegen  0.09/turn              (no ring)

@: no status effects
A: unfitting armour, cold-blooded, AC +4
a: no special abilities


You were on level 2 of the Dungeon.
You were hungry.

You visited 1 branch of the dungeon, and saw 2 of its levels.

You collected 108 gold pieces.

Inventory:

Hand Weapons
 i - a +2 whip of draining (weapon)
Scrolls
 h - a scroll of magic mapping {unknown}
Potions
 a - 2 potions of ambrosia {unknown}
 c - a potion of degeneration {unknown}
 d - 2 potions of agility {unknown}
 e - 3 potions of curing {unknown}
 g - a potion of resistance {unknown}
Comestibles
 b - 3 rations


   Skills:
 + Level 0.1 Maces & Flails
   Level 0.5 Polearms
 - Level 1.7 Dodging
 - Level 1.7 Stealth
 - Level 0.2 Unarmed Combat
 * Level 2.2 Spellcasting
 * Level 4.4 Summonings


You had 2 spell levels left.
You knew the following spells:

 Your Spells              Type           Power        Failure   Level  Hunger
a - Summon Small Mammal   Summ           ###.         3%          1    #......
b - Call Imp              Summ           ###.....     5%          2    ###....


Dungeon Overview and Level Annotations

Branches:
Dungeon (2/15)

Altars:
Xom


Innate Abilities, Weirdness & Mutations

Your plain brown scales are hard. (AC +4)
You cannot fit into any form of body armour.
You are cold-blooded and may be slowed by cold attacks.


Message History

You closely miss the sky beast. You tail-slap the sky beast.
The sky beast is moderately wounded.
The sky beast hits you. The sky beast shocks you.
You barely miss the sky beast.
The sky beast is moderately wounded.
The sky beast closely misses you.
You whack the sky beast!
The sky beast is heavily wounded.
The sky beast completely misses you.
You closely miss the sky beast.
The sky beast is heavily wounded.
The sky beast barely misses you. The sky beast hits you.
The sky beast shocks you.
* * * LOW HITPOINT WARNING * * *
You closely miss the sky beast.
The sky beast is heavily wounded.
The sky beast hits you.
* * * LOW HITPOINT WARNING * * *
The sky beast shocks you.
You die...

.# . .#.###### (#
#.........######.#
#.##. #<..#....# #....
###......# #....
##....##### #....
##........
.##....########........
......>@..##......####.
###...Y##....^^^..#
#.... ####.^_^......
#.... #.^.^..#### #....
#......# #.... ##.....#
##### #######


You could see a sky beast.

Vanquished Creatures
  A dart slug (D:1)
  A leopard gecko (D:2)
  2 giant cockroaches (D:1)
  4 goblins (D:1)
  2 jackals (D:1)
  2 kobolds (D:1)
  A frilled lizard (D:1)
  A rat (D:1)
14 creatures vanquished.

Vanquished Creatures (collateral kills)
  A hobgoblin (D:1)
  2 jackals (D:1)
3 creatures vanquished.

Grand Total: 17 creatures vanquished

Notes
Turn   | Place    | Note
-------+----------+-------------------------------------------
     0 | D:1      | KristoblXynda the Draconian Summoner began the quest for the Orb.
     0 | D:1      | Reached XP level 1. HP: 14/14 MP: 3/3
   492 | D:1      | Reached XP level 2. HP: 16/20 MP: 3/5
   509 | D:1      | Learned a level 2 spell: Call Imp
  1028 | D:2      | Found a shimmering altar of Xom.
  1037 | D:2      | Noticed a sky beast
  1048 | D:2      | Slain by a sky beast

Vault maps used:
D:1:      grunt_arrival_crossed_arrows, minivault_24
D:2:      xom_teletrap_fun

Action                   || total
-------------------------++-------
Melee: Unarmed           ||    23
       Spear             ||    19
       Tailslap          ||     6
       Whip              ||    16
 Cast: Summon Small Mamm ||     8
 Stab: Distracted        ||     1
       Sleeping          ||     1
Armor: Skin              ||    10
Dodge: Dodged            ||    42

Table legend:
 A = Spawn XP
 B = Non-spawn XP
 C = Spawn XP percentage of total XP
 D = Spawn monster count
 E = Non-spawn monster count
 F = Spawn count percentage of total count
 G = Total turns spent on level
                    A         B        C        D         E        F      G
               +---------+---------+-------+---------+---------+-------+---------
         Total |       0 |      29 |   0.0 |       0 |      17 |   0.0 |  1048
               +---------+---------+-------+---------+---------+-------+---------
           D:1 |       0 |      26 |   0.0 |       0 |      16 |   0.0 |  1023
           D:2 |       0 |       3 |   0.0 |       0 |       1 |   0.0 |    25
               +---------+---------+-------+---------+---------+-------+---------
